AoeStats
← CasquetE

Lombardia

508568702Analyzed
4v4 RM · 11d ago on Sep 23, 2026· 54m 26s· 8 players
Game mode
Random Map
Map size
Large (8 player)
Population
200
Speed
Normal
Resources
Standard
Victory
Conquest
Starting age
Dark Age
Ending age
Imperial Age
RankedLock teamsTeams togetherTeam positionsShared explorationLock speedFull tech treeHidden civsTurbo modeCheats
Victory
Defeat
🇪🇸 Saxons · Spain
1197
+12
🇳🇿 Inca · New Zealand
1137
+15
🇨🇴 Persians · Colombia
1126
+15
🇦🇷 Britons · Argentina
1095
+16
🇨🇱 Varangians · Chile
1195
-18
🇦🇷 Franks · Argentina
1140
-16
🇦🇷 Hindustanis · Argentina
1079
-13
🇦🇷 Byzantines · Argentina
1013
-11
DCB
11:14 Feudal Age
9:33 Loom
11:18 Feudal Age
15:16 Castle Age
13:47 Double-Bit Axe
13:45 Horse Collar
23:35 Bow Saw
25:08 Wheelbarrow
25:26 Town Watch
30:45 Fletching
30:56 Padded Archer Armor
33:53 Imperial Age
35:08 Gold Mining
35:10 Stone Mining
36:00 Husbandry
36:11 Bloodlines
36:17 Bodkin Arrow
37:25 Conscription
37:35 Heavy Plow
37:12 Crossbowman
38:40 Thumb Ring
38:49 Kamandaran
39:21 Leather Archer Armor
39:29 Cavalier
41:48 Two-Man Saw
40:32 Savar
44:25 Town Patrol
44:41 Hand Cart
47:09 Ring Archer Armor
46:45 Scale Barding Armor
46:51 Forging
52:50 Ballistics
53:30 Chemistry
53:23 Murder Holes
Icyriver
7:38 Loom
11:40 Feudal Age
12:58 Champi Runner
17:49 Castle Age
15:53 Double-Bit Axe
15:51 Horse Collar
16:58 Forging
17:45 Gold Mining
18:38 Wheelbarrow
20:10 Bow Saw
20:28 Heavy Plow
25:30 Pikeman
27:53 Squires
28:35 Scale Mail Armor
30:38 Gold Shaft Mining
31:13 Hand Cart
31:53 Iron Casting
31:33 Chain Mail Armor
31:49 Town Watch
35:26 Imperial Age
35:32 Halberdier
36:50 Conscription
37:52 Blast Furnace
37:23 Plate Mail Armor
36:43 Elite Kamayuk
37:59 Hoardings
38:41 Stone Mining
40:56 Stone Shaft Mining
40:09 Champi Warrior
41:37 Fletching
44:19 Elite Champi Warrior
48:49 Fabric Shields
52:08 Arson
52:54 Capped Ram
54:25 Caravan
AGUS-Penelope Paterson
7:16 Loom
10:01 Feudal Age
11:22 Double-Bit Axe
14:17 Castle Age
13:24 Horse Collar
15:16 Bow Saw
20:18 Wheelbarrow
21:21 Hand Cart
22:39 Gold Mining
23:54 Heavy Plow
23:42 Town Watch
27:33 Imperial Age
25:05 Fletching
25:55 Ballistics
25:47 Padded Archer Armor
25:45 Stone Mining
27:28 Gold Shaft Mining
27:09 Forging
27:18 Leather Archer Armor
28:04 Bodkin Arrow
29:27 Two-Man Saw
28:59 Bracer
29:30 Ring Archer Armor
29:26 Town Patrol
30:32 Ring Archer Armor
31:11 Chemistry
32:53 Yeomen
32:55 Conscription
33:13 Elite Longbowman
40:34 Murder Holes
40:50 Fortified Wall
40:34 Heated Shot
40:55 Masonry
45:33 Architecture
45:16 Caravan
45:28 Guilds
45:48 Coinage
48:03 Conscription
Jambo
7:02 Loom
10:13 Feudal Age
13:35 Double-Bit Axe
13:39 Horse Collar
16:36 Castle Age
18:14 Heavy Plow
18:24 Bow Saw
21:40 Stone Mining
24:02 Gold Mining
24:49 Fletching
26:34 Wheelbarrow
26:04 Bodkin Arrow
28:08 Hand Cart
28:18 Hand Cart
31:08 Imperial Age
28:25 Town Watch
29:30 Gold Shaft Mining
29:49 Ballistics
29:41 Masonry
30:04 Guard Tower
30:27 Masonry
30:18 Murder Holes
31:48 Scale Mail Armor
31:58 Forging
31:52 Bracer
32:55 Chemistry
31:41 Arrowslits
32:34 Keep
32:32 Architecture
33:03 Scale Mail Armor
33:14 Forging
35:13 Iron Casting
34:54 Chain Mail Armor
35:17 Iron Casting
35:44 Conscription
36:05 Hoardings
34:54 Shield Wall
36:10 Plate Mail Armor
36:17 Iron Casting
37:33 Town Patrol
37:02 Elite Hearth Troop
37:50 Squires
37:38 Arson
37:17 Pikeman
40:07 Two-Man Saw
39:39 Crop Rotation
VZ | Thyrfing
4:24 Loom
12:03 Feudal Age
16:45 Castle Age
14:41 Double-Bit Axe
21:10 Horse Collar
22:50 Bow Saw
24:03 Scale Barding Armor
24:08 Forging
24:15 Bloodlines
24:06 Husbandry
25:09 Wheelbarrow
32:03 Heavy Plow
35:54 Imperial Age
35:23 Chain Barding Armor
35:39 Iron Casting
35:05 Vendel Legacy
37:04 Hand Cart
37:35 Cavalier
38:54 Plate Barding Armor
40:11 Gold Mining
40:12 Stone Mining
42:44 Stone Shaft Mining
51:04 Blast Furnace
52:57 Light Cavalry
VikhyatArg
5:11 Loom
11:59 Feudal Age
15:44 Castle Age
13:43 Double-Bit Axe
17:30 Fletching
18:53 Wheelbarrow
26:11 Padded Archer Armor
26:22 Bodkin Arrow
26:29 Padded Archer Armor
27:47 Ballistics
30:46 Hand Cart
31:17 Ordonnance Companies
34:37 Imperial Age
32:28 Husbandry
33:05 Bow Saw
37:10 Imperial Age
36:01 Masonry
37:17 Forging
37:09 Scale Mail Armor
36:59 Arson
37:16 Squires
38:33 Conscription
37:36 Capped Ram
39:02 Iron Casting
39:37 Chemistry
41:20 Elite Throwing Axeman
43:34 Chain Mail Armor
44:19 Blast Furnace
43:26 Chivalry
44:08 Cavalier
46:03 Plate Mail Armor
46:06 Paladin
48:17 Architecture
48:25 Hoardings
49:00 Elite Skirmisher
49:47 Treadmill Crane
52:10 Leather Archer Armor
52:09 Scale Barding Armor
53:50 Chain Barding Armor
CasquetE
11:00 Feudal Age
15:45 Castle Age
14:22 Double-Bit Axe
16:07 Horse Collar
18:18 Pikeman
24:19 Squires
24:40 Loom
27:18 Bow Saw
30:18 Wheelbarrow
35:31 Imperial Age
33:37 Ballistics
35:26 Fletching
35:45 Padded Archer Armor
35:49 Scale Mail Armor
36:00 Forging
37:30 Chemistry
36:29 Bodkin Arrow
37:30 Conscription
41:42 Bracer
43:05 Two-Man Saw
43:31 Hand Cart
42:42 Elite Skirmisher
45:44 Padded Archer Armor
45:49 Halberdier
46:50 Thumb Ring
47:59 Leather Archer Armor
Zamba
10:31 Feudal Age
11:03 Loom
15:55 Castle Age
13:48 Double-Bit Axe
13:44 Horse Collar
17:15 Wheelbarrow
17:37 Husbandry
17:49 Bloodlines
21:17 Scale Barding Armor
24:27 Bow Saw
27:28 Chain Barding Armor
27:19 Forging
31:28 Iron Casting
33:15 Hand Cart
32:47 Town Watch
33:48 Fletching
37:02 Imperial Age
38:46 Chemistry
38:34 Plate Barding Armor
37:27 Heavy Camel Rider
43:32 Shatagni
44:37 Conscription
44:42 Elite Ghulam
46:37 Blast Furnace
45:37 Scale Mail Armor
Connection lost

Rejoining the realm…

Still unreachable

The connection could not be restored.

Session expired

The server has moved on; the page needs a fresh start.